 Dungeon Crawl Stone Soup version 0.32-a0-314-g526f7d4993 (webtiles) character file.

Game seed: 9174721192152008749

10385 jasper the Severer (level 11, 0/99 HPs)
             Began as a Mountain Dwarf Monk on Feb 15, 2024.
             Was a Follower of Beogh.
             Slain by Snorg (11 damage)
             ... on level 10 of the Dungeon.
             The game lasted 00:22:50 (14253 turns).

jasper the Severer (Mountain Dwarf Monk)           Turns: 14253, Time: 00:22:51

Health: 0/99       AC: 18    Str: 18    XL:     11   Next: 35%
Magic:  10/15      EV:  6    Int: 11    God:    Beogh [*.....]
Gold:   480        SH:  0    Dex: 12    Spells: 10/10 levels left

rFire   + . .        H - +0 battleaxe
rCold   . . .        (shield currently unavailable)
rNeg    . . .        I - +0 plate armour
rPois   .            R - +0 helmet
rElec   .            (no cloak)
rCorr   .            f - +1 pair of gloves
SInv    .            (no boots)
Will    +....        w - amulet of faith Stlth
                     E - ring of protection from fire
HPRegen 0.36/turn    (no ring)
MPRegen 0.14/turn

%: faith
@: no status effects
A: runic magic, artefact enchanting
a: Renounce Religion


You were on level 10 of the Dungeon.
You worshipped Beogh.
Beogh was aware of your devotion.
You visited 2 branches of the dungeon, and saw 11 of its levels.
You also visited: Ossuary.

You collected 755 gold pieces.
You spent 275 gold pieces at shops.

Inventory:

Hand Weapons
 a - a +1 hand axe
 j - a +0 war axe
 m - the +10 sling of Wyrd {antimagic, rF+++ rC- Will++ Str+3}
   (You found it on level 2 of the Dungeon)

   Str+3:     It affects your strength (+3).
   rF+++:     It renders you almost immune to fire.
   rC-:       It makes you vulnerable to cold.
   Will++:    It greatly increases your willpower.
 u - a +0 morningstar
 y - a +0 executioner's axe of freezing
 H - a +0 battleaxe (weapon)
 V - a +0 flail
 X - a -2 demon whip of venom
Missiles
 e - 71 stones (quivered)
 W - 2 boomerangs
Armour
 b - a +0 robe
 d - an orb of light
 f - a +1 pair of gloves (worn)
 l - a +0 ring mail
 n - the +0 scale mail "Egeixeh" {Harm rF+ rN+ Str-5 Dex+3}
   (You found it on level 4 of the Dungeon)

   Str-5:     It affects your strength (-5).
   Dex+3:     It affects your dexterity (+3).
   rF+:       It protects you from fire.
   rN+:       It protects you from negative energy.
   Harm:      It increases damage dealt and taken.
 o - a +0 scale mail
 I - a +0 plate armour (worn)
 M - a +0 buckler
 R - a +0 helmet (worn)
Jewellery
 t - an amulet of magic regeneration
 w - an amulet of faith (around neck)
 E - a ring of protection from fire (left hand)
 J - the ring of Jezo {rPois rF- rC+ Dex+5}
   (You found it on level 6 of the Dungeon)

   [ring of protection from cold]

   Dex+5:     It affects your dexterity (+5).
   rF-:       It makes you vulnerable to fire.
   rC+:       It protects you from cold.
   rPois:     It protects you from poison
 O - an amulet of guardian spirit
Wands
 s - a wand of flame (8)
 D - a wand of roots (9)
Scrolls
 h - 4 scrolls of immolation
 i - 2 scrolls of teleportation
 p - a scroll of poison
 q - 4 scrolls of vulnerability
 v - 2 scrolls of enchant armour
 z - 2 scrolls of revelation
 P - 2 scrolls of enchant weapon
 S - a scroll of summoning
 T - 2 scrolls of fog
 U - a scroll of amnesia
Potions
 c - 4 potions of ambrosia
 g - 3 potions of lignification
 k - 4 potions of attraction
 r - 6 potions of curing
 x - 2 potions of berserk rage
 B - 3 potions of might
 C - 4 potions of haste
 F - a potion of mutation {unknown}
 G - 4 potions of brilliance {unknown}
 K - a potion of cancellation {unknown}
 L - a potion of magic {unknown}
 Q - 3 potions of invisibility {unknown}


   Skills:
 + Level 10.0 Fighting
 * Level 15.0 Axes
 + Level 9.3 Armour
 - Level 2.1 Dodging
 - Level 6.1 Invocations


You had 10 spell levels left.
You didn't know any spells.
Your spell library contained the following spells:

 Spells                   Type           Power      Damage    Failure   Level
 Freeze                   Ice            0%         1d3       61%         1
 Magic Dart               Conj           0%         1d3       61%         1
 Slow                     Hex            0%         N/A       61%         1
 Sting                    Conj/Alch      0%         1d3       61%         1
 Cigotuvi's Dreadful Rot  Necr/Alch/Air  0%         N/A       75%         2
 Mercury Vapours          Alch/Air       0%         N/A       75%         2
 Searing Ray              Conj           0%         2d4       75%         2
 Confusing Touch          Hex            0%         N/A       93%         3
 Frozen Ramparts          Ice            0%         1d1       93%         3
 Hailstorm                Conj/Ice       0%         3d5       93%         3
 Sigil of Binding         Hex            0%         N/A       93%         3
 Vampiric Draining        Necr           0%         2d6       93%         3
 Fulminant Prism          Conj/Alch      0%         3d5       100%        4
 Ignite Poison            Fire/Alch      0%         N/A       100%        4
 Olgreb's Toxic Radiance  Alch           0%         N/A       100%        4
 Summon Blazeheart Golem  Fire/Summ      0%         N/A       100%        4
 Freezing Cloud           Conj/Ice/Air   0%         6-21      100%        5
 Sculpt Simulacrum        Ice/Alch       0%         N/A       100%        6
 Orb of Destruction       Conj           0%         9d5       100%        7
 Ozocubu's Refrigeration  Ice            0%         4d7       100%        7
 Spellforged Servitor     Conj/Summ      0%         N/A       100%        7
 Polar Vortex             Ice            0%         N/A       100%        9


Dungeon Overview and Level Annotations

Branches:
Dungeon (10/15)            Temple (1/1) D:4            Lair (0/5) D:8
    Orc (0/2) D:9         Ossuary (visited)

Altars:
Ashenzari
Cheibriados
Dithmenos
Elyvilon
Fedhas
Gozag
Hepliaklqana
Kikubaaqudgha
Makhleb
Nemelex Xobeh
Okawaru
Qazlal
Ru
Sif Muna
Trog
Uskayaw
Vehumet
Wu Jian
Xom
Yredelemnul
Zin
The Shining One

Shops:
D:6 *

Annotations:
D:10 Snorg


Innate Abilities, Weirdness & Mutations

Your facial features are unmistakably orcish.
Your spellcasting is much less encumbered by armour.
You can use scrolls of enchantment on lesser artefacts.


Message History

Snorg bites you. Snorg claws you but does no damage. Snorg claws you.
You take 6 damage, and have 93/99 hp.
You hit Snorg.
Snorg is heavily wounded.
Snorg is engulfed in poison gas.
Snorg looks as sick as possible!
Snorg goes berserk!
You barely miss Snorg.
Snorg is heavily wounded.
Snorg is engulfed in poison gas.
Snorg looks as sick as possible!
Snorg bites you! Snorg claws you but does no damage. Snorg claws you.
Snorg is engulfed in poison gas.
Snorg looks as sick as possible!
Snorg bites you! Snorg claws you but does no damage. Snorg claws you!
You take 33 damage, and have 61/99 hp.
MASSIVE DAMAGE!!
You slash Snorg!
Snorg is severely wounded.
Snorg is engulfed in poison gas.
Snorg looks as sick as possible!
Snorg bites you but does no damage. Snorg closely misses you. Snorg claws you!
You take 14 damage, and have 47/99 hp.
You barely miss Snorg.
Snorg is severely wounded.
Snorg is engulfed in poison gas.
Snorg looks as sick as possible!
Snorg bites you. Snorg claws you. Snorg claws you!!
* * * LOW HITPOINT WARNING * * *
Snorg is engulfed in poison gas.
Snorg looks as sick as possible!
Snorg bites you.
* * * LOW HITPOINT WARNING * * *
Snorg claws you.
* * * LOW HITPOINT WARNING * * *
Snorg claws you but does no damage.
You take 36 damage, and have 11/99 hp.
MASSIVE DAMAGE!!
Okay, then.
Okay, then.
Unknown command.
Okay, then.
Unknown command.
You slice Snorg!!
Snorg is almost dead.
Snorg is engulfed in poison gas.
Snorg looks as sick as possible!
Snorg bites you but does no damage. Snorg claws you!
You die...

#.≈≈##≈≈.# #.≈# #≈.##
####.≈####≈..####################
.....≈≈##≈≈....☼§○.§○§§§.........
####.≈≈≈≈≈≈.####§#.°§°§≈≈.###..##
#........# #§#§§§##≈≈.# #..#
###..#.### #§#§○####≈.# #..#
##...# #○§§§####≈.###..# ###.#
#@☼§§○##≈≈..##..# #.#
#T#°§°°°°≈..##..# #[#
#§#.§§§§§...##..# #.#
#(#######...##..# #.# #§#
#..###..# #.# #§#######..# #..#
#.# #☼§........# #..# #########.#
#§☼........# #..## ..........#
#..........###....


You could see Snorg (berserk, extremely poisoned).

Vanquished Creatures
  4 two-headed ogres
  Amaemon (D:10)
  Joseph (D:9)
  A cyclops (D:9)
  An orange demon (D:10)
  A komodo dragon (D:8)
  A troll (D:8)
  A queen bee (D:10)
  Sigmund (D:5)
  A shadow (D:8)
  A basilisk (D:8)
  4 vampire mosquitoes (D:10)
  Menkaure (D:7)
  An acid dragon (D:10)
  A water moccasin (D:8)
  2 sky beasts
  3 orc warriors
  An ice beast (D:6)
  An ogre (D:7)
  5 centaurs
  A gnoll sergeant (D:7)
  A bullfrog (D:8)
  4 scorpions
  10 wights
  22 killer bees
  4 howler monkeys
  3 electric eels (D:10)
  2 bombardier beetles
  A crimson imp (D:5)
  3 bullfrog zombies (Ossuary)
  A jelly (D:6)
  3 hounds
  2 orc priests (D:8)
  2 gnoll boudas
  An iguana (D:5)
  2 mummies (Ossuary)
  Terence (D:2)
  A sleepcap (D:6)
  Natasha (D:2)
  5 orc wizards
  4 crocodile zombies (Ossuary)
  6 hound zombies (Ossuary)
  7 howler monkey zombies (Ossuary)
  14 gnolls
  4 adders
  2 shadow imps
  3 white imps
  3 ribbon worms
  2 dart slugs
  14 orcs
  4 ball pythons
  6 endoplasms
  3 giant cockroaches
  6 goblins
  4 hobgoblins
  4 jackals (D:2)
  6 kobolds
  2 quokkas
  6 ball python zombies (Ossuary)
  10 bats
  3 frilled lizards
  3 rats
219 creatures vanquished.

Vanquished Creatures (others)
  An orc priest (D:8)
  6 orcs
7 creatures vanquished.

Grand Total: 226 creatures vanquished

Notes
Turn   | Place    | Note
-------+----------+-------------------------------------------
     0 | D:1      | jasper the Mountain Dwarf Monk began the quest for the Orb.
     0 | D:1      | Reached XP level 1. HP: 19/19 MP: 1/1
    86 | D:1      | Reached skill level 4 in Axes
    96 | D:1      | Reached XP level 2. HP: 26/26 MP: 2/2
   184 | D:1      | Found a faded altar of an unknown god.
   521 | D:1      | Reached skill level 5 in Axes
   780 | D:1      | Reached XP level 3. HP: 31/31 MP: 3/3
  1187 | D:2      | Noticed Terence
  1188 | D:2      | Identified the +10 sling of Wyrd {antimagic, rF+++ rC-
                  | Will++ Str+3}
  1202 | D:2      | Killed Terence
  1203 | D:2      | Reached skill level 1 in Armour
  1203 | D:2      | Reached XP level 4. HP: 20/39 MP: 1/4
  1534 | D:2      | Noticed Natasha
  1540 | D:2      | Killed Natasha
  1937 | D:3      | Reached skill level 6 in Axes
  2105 | D:3      | Reached XP level 5. HP: 35/46 MP: 3/5
  2449 | D:4      | Reached XP level 6. HP: 14/53 MP: 4/6
  2806 | D:4      | Found a sand-covered staircase.
  2811 | Ossuary  | Entered an ossuary
  2818 | Ossuary  | Reached skill level 7 in Axes
  2991 | Ossuary  | Reached XP level 7. HP: 43/60 MP: 2/7
  3087 | Ossuary  | Reached skill level 5 in Fighting
  3225 | Ossuary  | Reached skill level 8 in Axes
  3894 | D:4      | Found a staircase to the Ecumenical Temple.
  3895 | D:4      | Identified the +0 scale mail "Egeixeh" {Harm rF+ rN+ Str-5
                  | Dex+3}
  3914 | Temple   | Entered the Ecumenical Temple
  4070 | D:5      | Entered Level 5 of the Dungeon
  4750 | D:5      | Noticed Sigmund
  4771 | D:5      | Killed Sigmund
  4772 | D:5      | Reached skill level 9 in Axes
  4836 | D:5      | Reached XP level 8. HP: 70/70 MP: 2/8
  5523 | D:5      | Reached skill level 5 in Armour
  5625 | D:5      | Became a worshipper of Beogh the Shepherd
  5625 | D:5      | Reached * piety under Beogh
  5625 | D:5      | Reached ** piety under Beogh
  5741 | D:6      | Reached skill level 1 in Invocations
  5804 | D:6      | Found Hoys's Fire Supplies.
  5820 | D:6      | Bought a ring of protection from fire for 275 gold pieces
  6504 | D:6      | Reached skill level 5 in Invocations
  6608 | D:6      | Found a snail-covered altar of Cheibriados.
  6608 | D:6      | Found an ornate altar of the Wu Jian Council.
  6756 | D:6      | Identified the ring of Jezo {rPois rF- rC+ Dex+5}
  7245 | D:3      | Reached skill level 10 in Axes
  8220 | D:7      | Reached XP level 9. HP: 56/78 MP: 13/13
  8573 | D:7      | Noticed Menkaure
  8577 | D:7      | Killed Menkaure
  9465 | D:8      | Noticed a two-headed ogre
  9469 | D:8      | Killed a two-headed ogre
  9470 | D:8      | Reached skill level 11 in Axes
 10136 | D:8      | Reached skill level 12 in Axes
 10673 | D:8      | Noticed a komodo dragon
 10675 | D:8      | Reached XP level 10. HP: 88/88 MP: 4/14
 10675 | D:8      | Found a staircase to the Lair.
 11096 | D:9      | Noticed a two-headed ogre
 11222 | D:9      | Killed a two-headed ogre
 11343 | D:9      | Noticed Joseph
 11364 | D:9      | Killed Joseph
 11365 | D:9      | Reached skill level 13 in Axes
 11702 | D:9      | Found a staircase to the Orcish Mines.
 12095 | D:9      | Noticed a two-headed ogre
 12109 | D:9      | Killed a two-headed ogre
 12386 | D:9      | Noticed a cyclops
 12407 | D:9      | Killed a cyclops
 12408 | D:9      | Reached skill level 14 in Axes
 12662 | D:10     | Entered Level 10 of the Dungeon
 12693 | D:10     | Noticed a two-headed ogre
 12701 | D:10     | Killed a two-headed ogre
 12702 | D:10     | Reached XP level 11. HP: 83/97 MP: 12/15
 13723 | D:10     | Noticed Amaemon
 13758 | D:10     | Killed Amaemon
 13768 | D:10     | Reached skill level 10 in Fighting
 13768 | D:10     | Reached skill level 15 in Axes
 14241 | D:10     | Noticed Snorg
 14253 | D:10     | Slain by Snorg

Illustrated notes

Levels and vault maps discovered:
D:1:      eino_arrival_cavern_d, layout_basic, hellmonk_ecumenical_altar_blasted
D:2:      layout_loops_ring, uniq_natasha, uniq_crazy_yiuf_cottage, uniq_terence
D:3:      layout_basic
D:4:      layout_basic, minmay_temple_entry_junction, enter_ossuary_2,
          grunt_ministairs_8
D:5:      layout_rooms, minmay_fire_ice_demons, uniq_sigmund
D:6:      layout_cave_pods, gammafunk_temple_overflow_elements,
          nicolae_shop_fire_sale [nicolae_sub_dead_trees], grunt_decor_cap,
          small_statue_intersection
D:7:      layout_basic, uniq_menkaure
D:8:      layout_layer_cave, david_lair_shrubbed, st_stairs_8
D:9:      layout_stronghold, david_orc_2, amcnicky_mini_rare_corridor_liquid,
          uniq_joseph
D:10:     nicolae_moon_pools, layout_long_grid, minivault_7, uniq_amaemon,
          uniq_snorg
Temple:   mainiacjoe_temple_big_plus

Skill      XL: |  1  2  3  4  5  6  7  8  9 10 11 |
---------------+----------------------------------+-----
Axes           | 4 5 6 7 9 10 12 14 15 | 15.0
Armour         | 1 2 3 4 5 7 8 9 |  9.3
Fighting       | 4 5 6 8 9 10 | 10.0
Invocations    | 6 |  6.1
Dodging        | |  2.1

Action                     |  1- 3 |  4- 6 |  7- 9 | 10-12 || total
---------------------------+-------+-------+-------+-------++-------
  Melee: Hand axe          |    84 |    86 |    15 |       ||   185
         War axe           |       |       |   264 |   136 ||   400
         Battleaxe         |       |       |       |   137 ||   137
   Fire: Sling             |    12 |   125 |   116 |       ||   253
  Throw: Stone             |       |       |    17 |     5 ||    22
         Dart              |       |       |     2 |    15 ||    17
         Throwing net      |       |       |       |     1 ||     1
 Invoke: Convert to Beogh  |       |       |     1 |       ||     1
         Smiting           |       |       |    12 |    14 ||    26
  Evoke: Wand              |       |       |     3 |     5 ||     8
    Use: Scroll            |     2 |       |    21 |     1 ||    24
         Potion            |       |       |     4 |     7 ||    11
   Stab: Sleeping          |     1 |       |       |       ||     1
 Armour: Robe              |    16 |       |       |       ||    16
         Ring mail         |    30 |       |       |       ||    30
         Scale mail        |       |   130 |   146 |       ||   276
         Plate armour      |       |       |   210 |   387 ||   597
         Skin              |       |       |     7 |       ||     7
  Dodge: Dodged            |    60 |    66 |   127 |   113 ||   366
  Block: Buckler           |       |       |     8 |    18 ||    26

Table legend: (Time is in decaauts)
 A = Elapsed time spent in this place.
 B = Non-inter-level travel time spent in this place.
 C = Inter-level travel time spent in this place.
 D = Time resting spent in this place.
 E = Time spent auto-exploring this place.
 F = Levels seen in this place.
 G = Mean time per level.
                   A        B        C        D        E       F      G
               +--------+--------+--------+--------+--------+-----+--------+
         Total |  14389 |  13711 |    678 |   2966 |   8097 |  12 | 1199.1 |
       Dungeon |  13407 |  12729 |    678 |   2775 |   7567 |  10 | 1340.7 |
        Temple |      1 |      1 |      0 |      0 |      0 |   1 |    1.0 |
       Ossuary |    981 |    981 |      0 |    191 |    529 |   1 |  981.0 |
               +--------+--------+--------+--------+--------+-----+--------+

Top non-repeatable levels by time:
     D:9: 1645 daAuts
    D:10: 1598 daAuts
     D:5: 1592 daAuts
     D:8: 1525 daAuts
     D:7: 1478 daAuts
     D:6: 1396 daAuts
     D:3: 1204 daAuts
     D:1: 1048 daAuts
     D:4: 1030 daAuts
 Ossuary: 981 daAuts
     D:2: 885 daAuts
  Temple: 1 daAuts
